 Dungeon Crawl Stone Soup version 0.17-a0-1479-g4041c36 (webtiles) character file.

1436 hexophile the Magician (level 8, -5/62 HPs)
             Began as a Naga Wizard on July 3, 2015.
             Killed by divine providence
             ... invoked by an orc priest
              (12 damage)
             ... on level 6 of the Dungeon.
             The game lasted 00:21:49 (7765 turns).

hexophile the Magician (Naga Wizard)                Turns: 7765, Time: 00:21:50

Health: -5/62      AC:  4    Str: 11    XL:     8   Next: 73%
Magic:  7/17       EV: 10    Int: 20    God:
Gold:   260        SH:  0    Dex:  9    Spells: 4 memorised, 10 levels left

rFire  . . .     SeeInvis +     q - +1 hand axe (elec)
rCold  . . .     Clarity  .     a - +0 robe
rNeg   + . .     SustAt   .     (no shield)
rPois  +         Gourm    .     b - +1 hat
rElec  .         Spirit   .     (no cloak)
rCorr  .         Warding  .     (no gloves)
rMut   .         Rnd*Tele +     (no barding)
MR     +....                    g - amulet of regeneration
Stlth  ++........               x - ring of positive energy
                                f - ring of teleportation

@: very slow, somewhat resistant to hostile enchantments, unstealthy
A: see invisible, deformed body, poison resistance, slowness 2, slow metabolism
1, spit poison 2, AC +2
a: Spit Poison, Evoke Teleportation


You were on level 6 of the Dungeon.
You were not hungry.

You visited 1 branch of the dungeon, and saw 6 of its levels.

You collected 260 gold pieces.

Inventory:

Hand weapons
 m - a +0 blowgun
 q - a +1 hand axe of electrocution (weapon)
Missiles
 i - 187 stones (quivered)
 p - 26 poisoned needles
Armour
 a - a +0 robe (worn)
 b - a +1 hat (worn)
 k - a +2 chain mail of magic resistance
Jewellery
 f - a ring of teleportation (left hand)
 g - an amulet of regeneration (around neck)
 x - a ring of positive energy (right hand)
Scrolls
 j - 3 scrolls of enchant armour
 o - 2 scrolls of remove curse
 t - 2 scrolls of identify
 v - a scroll of recharging
Potions
 e - a potion of haste {unknown}
 h - 2 potions of agility
 l - a potion of brilliance
Books
 c - a book of Minor Magic

   Spells                             Type                      Level
   a - Magic Dart                     Conjuration                  1
   b - Blink                          Translocation                2
   c - Call Imp                       Summoning                    2
   d - Repel Missiles                 Charms/Air                   2
   e - Slow                           Hexes                        2
   f - Conjure Flame                  Conjuration/Fire             3
   g - Mephitic Cloud                 Conjuration/Poison/Air       3
 B - a book of Annihilations

   Spells                             Type                      Level
   a - Poison Arrow                   Conjuration/Poison           6
   b - Chain Lightning                Conjuration/Air              8
   c - Lehudib's Crystal Spear        Conjuration/Earth            8
   d - Glaciate                       Conjuration/Ice              9
   e - Fire Storm                     Conjuration/Fire             9
Comestibles
 d - 2 bread rations
 n - 2 slices of pizza
 s - 6 fruits
 u - 2 beef jerkies


   Skills:
 + Level 3.7 Dodging
 - Level 3.0 Stealth
 * Level 6.0 Spellcasting
 * Level 5.5 Conjurations
   Level 1.0 Summonings
 - Level 1.0 Translocations
 * Level 3.5 Fire Magic
 * Level 3.5 Air Magic


You had 10 spell levels left.
You knew the following spells:

 Your Spells              Type           Power        Failure   Level  Hunger
a - Magic Dart            Conj           ####         1%          1    None
b - Blink                 Tloc           N/A          12%         2    None
c - Conjure Flame         Conj/Fire      ###.....     6%          3    ##.....
d - Mephitic Cloud        Conj/Pois/Air  ###.....     10%         3    ##.....


Dungeon Overview and Level Annotations

Branches:
Dungeon (6/15)
 Temple: D:4-7

Altars:
Dithmenos
Fedhas
Kikubaaqudgha
Okawaru

Annotations:
D:1 exclusion: downstairs
D:5 Seriously? First spellbook and annihilations?, exclusion: downstairs


Innate Abilities, Weirdness & Mutations

You cannot wear boots.
Your serpentine skin is tough (AC +2).
You have supernaturally acute eyesight.
Armour fits poorly on your strangely shaped body.
Your system is resistant to poisons.
You cover ground very slowly.
You have a slow metabolism.
You can spit poison.


Message History

An orc warrior is nearby!
Eat which item? (? for menu, Esc to quit)
You continue eating.
The orc warrior shouts!
You continue eating.
The orc warrior zaps a wand.
The bolt of cold hits you!
It is a wand of cold.
You finish eating.
That royal jelly was delicious!
There are monsters nearby!
There are monsters nearby!
Casting: Magic Dart
Confirm with . or Enter, or press ? or * to list all spells.
Aiming: Mephitic Cloud
Press: ? - help, Shift-Dir - straight line, f - you
Okay, then.
The orc priest shouts!
The orc warrior zaps a wand.
The bolt of cold hits you!
* * * LOW HITPOINT WARNING * * *
The orc priest mumbles some strange prayers to Beogh against you.
Something smites you!
You die...

##### #...#####
#@.......
#...?.....#
###.........###
#..............
#.......o......
#..............
###......oZ.....
#...............
..#....<.......


You could see an orc warrior, an orc priest and an adder skeleton (wandering).

Vanquished Creatures
  Grinder (D:4)
  Sigmund (D:4)
  Duvessa (D:4)
  An ice beast (D:5)
  A sky beast (D:5)
  An orc warrior (D:5)
  An ogre (D:6)
  A giant frog (D:3)
  Dowan (D:4)
  A scorpion (D:4)
  A vampire bat (D:3)
  2 crimson imps
  2 orc priests
  A giant frog skeleton (D:5)
  A hound (D:4)
  An orc wizard (D:3)
  A worker ant (D:5)
  A hound zombie (D:6)
  A worker ant zombie (D:5)
  5 adders
  2 shadow imps (D:5)
  2 worms (D:2)
  5 giant geckos
  21 orcs
  9 bats
  6 bat skeletons
  A bat zombie (D:3)
  14 goblins
  9 hobgoblins
  7 jackals
  6 quokkas
  A ball python (D:5)
  5 giant cockroaches
  A giant gecko skeleton (D:4)
  A giant gecko zombie (D:5)
  4 giant newts
  13 kobolds
  15 rats
148 creatures vanquished.

Notes
Turn   | Place    | Note
--------------------------------------------------------------
     0 | D:1      | hexophile the Naga Wizard began the quest for the Orb.
     0 | D:1      | Reached XP level 1. HP: 15/15 MP: 4/4
   272 | D:1      | Reached XP level 2. HP: 10/22 MP: 0/6
  1129 | D:2      | Found a blossoming altar of Fedhas.
  1312 | D:2      | Reached XP level 3. HP: 26/28 MP: 1/8
  1325 | D:2      | Learned a level 2 spell: Blink
  1329 | D:2      | Learned a level 3 spell: Conjure Flame
  1333 | D:2      | Learned a level 3 spell: Mephitic Cloud
  2246 | D:2      | Reached XP level 4. HP: 28/36 MP: 3/9
  2425 | D:2      | Reached skill level 1 in Air Magic
  3092 | D:3      | Reached skill level 1 in Fire Magic
  3179 | D:3      | Reached XP level 5. HP: 42/42 MP: 6/10
  3188 | D:3      | Reached skill level 4 in Spellcasting
  3582 | D:3      | Found an ancient bone altar of Kikubaaqudgha.
  3755 | D:3      | Reached XP level 6. HP: 49/49 MP: 6/12
  3871 | D:4      | Noticed Grinder
  3890 | D:4      | HP: 1/49 [Grinder/nerve-wracking pain (5)]
  4260 | D:4      | Paralysed by Grinder for 6 turns
  4296 | D:4      | Killed Grinder
  4296 | D:4      | Reached XP level 7. HP: 7/55 MP: 1/14
  4683 | D:4      | Noticed Dowan
  4688 | D:4      | Noticed Duvessa
  4700 | D:4      | Killed Duvessa
  4711 | D:4      | Killed Dowan
  4711 | D:4      | Reached skill level 5 in Spellcasting
  4844 | D:4      | Noticed Sigmund
  4855 | D:4      | Killed Sigmund
  4855 | D:4      | Reached XP level 8. HP: 50/62 MP: 2/15
  5174 | D:4      | Found a shadowy altar of Dithmenos.
  5646 | D:5      | Entered Level 5 of the Dungeon
  6384 | D:5      | Reached skill level 5 in Conjurations
  6986 | D:6      | Found an iron altar of Okawaru.
  7382 | D:6      | HP: 3/62 [ogre/giant club (19)]
  7657 | D:6      | Reached skill level 6 in Spellcasting
  7765 | D:6      | Killed from afar by an orc priest

Vault maps used:
D:1:      dpeg_arrival_boxes_within_box
D:2:      first_bread, fedhas_altar_3
D:3:      kennysheep_vampire_church
D:4:      lemuel_crystal_altar, serial_bayou_pond_a, grunt_tough_drop,
          uniq_duvessa, uniq_grinder, uniq_sigmund
D:5:      minmay_misc_feat_hallway
D:6:      minmay_temple_entry_fiery, okawaru_metal_pillars_1_2

Action                   |  1- 3 |  4- 6 |  7- 9 || total
-------------------------+-------+-------+-------++-------
Melee: Unarmed           |     9 |       |       ||     9
       Short sword       |     5 |     8 |       ||    13
       Hand axe          |       |    34 |   104 ||   138
 Cast: Magic Dart        |    82 |   110 |    99 ||   291
       Blink             |     1 |     1 |       ||     2
       Mephitic Cloud    |       |     4 |    10 ||    14
       Conjure Flame     |       |     3 |     9 ||    12
 Abil: Spit Poison       |     3 |     9 |     7 ||    19
  Use: Scroll            |       |     9 |     6 ||    15
       Potion            |       |    10 |     5 ||    15
 Stab: Sleeping          |       |       |     2 ||     2
  Eat: Chunk             |     2 |     4 |     1 ||     7
       Meat ration       |       |     1 |       ||     1
       Royal jelly       |       |       |     2 ||     2
       Bread ration      |       |       |     1 ||     1
       Beef jerky        |       |       |     1 ||     1
